 Dungeon Crawl Stone Soup version 0.20-a0-656-g9b0dcd9 (webtiles) character file.

167953 Kurtz the Wrestler (level 17, -1/202 HPs)
             Began as a Troll Chaos Knight on Feb 17, 2017.
             Slain by a jumping spider (12 damage)
             ... on level 3 of the Spider Nest.
             The game lasted 01:05:14 (27799 turns).

Kurtz the Wrestler (Troll Chaos Knight)            Turns: 27799, Time: 01:05:15

Health: -1/202     AC:  4    Str: 26    XL:     17   Next: 32%
Magic:  0/25       EV:  6    Int:  6    God:    Xom [...*..]
Gold:   2660       SH:  0    Dex: 14    Spells: 9/28 levels left

rFire    . . .     SeeInvis +     - Unarmed
rCold    . . .     Gourm    +   (armour currently unavailable)
rNeg     + . .     Faith    .   (no shield)
rPois    ∞         Spirit   +   Y - +2 hat
rElec    +         Reflect  .   K - +1 cloak
rCorr    .         Harm     .   (gloves unavailable)
MR       +....                  (boots unavailable)
Stlth    +.........             X - amulet of guardian spirit
Regen    1.3/turn               n - ring "Vacal" {Wiz Str+2 Slay+2}
MPRegen  0.2/turn               r - ring of see invisible

@: statue-form, corroded, held, very slow
A: unfitting armour, claws 3, fangs 1, large bone plates 1, dopey 1, fast
metabolism 3, gourmand, poison resistance, regeneration 2, (shaggy fur 0),
(tough skin 0)
a: Renounce Religion


You were on level 3 of the Spider Nest.
You worshipped Xom.
You were a favourite toy of Xom.
You were completely stuffed.
You were a stone statue.
You visited 4 branches of the dungeon, and saw 26 of its levels.
You visited the Abyss 1 time.
You also visited: Ossuary and Volcano.

You collected 3961 gold pieces.
You spent 1301 gold pieces at shops.

Inventory:

Missiles
 u - 5 large rocks
 M - 37 tomahawks
Armour
 K - a +1 cloak (worn)
 R - +0 ice dragon scales (melded)
 Y - a +2 hat (worn)
Jewellery
 n - the ring "Vacal" (right claw) {Wiz Str+2 Slay+2}
   (You found it on level 9 of the Dungeon)

   [ring of wizardry]

   It improves your spell success rate.
   It affects your strength (+2).
   It affects your accuracy and damage with ranged weapons and melee attacks
   (+2).
 r - a ring of see invisible (left claw)
 y - an uncursed amulet of rage
 C - an uncursed ring of protection from fire
 S - an uncursed ring of protection from cold
 X - an amulet of guardian spirit (around neck)
Wands
 a - a wand of iceblast (15/15)
 p - a wand of lightning (6/15)
 E - a wand of disintegration (14/24)
 F - a wand of disintegration (7/24)
 L - a wand of digging (13/24)
 N - a wand of iceblast (9/15)
 O - a wand of digging (5/24)
Scrolls
 g - 6 scrolls of fog
 j - 5 scrolls of remove curse
 m - 8 scrolls of blinking
 o - 10 scrolls of magic mapping
 q - 19 scrolls of teleportation
 v - 4 scrolls of recharging
 B - 5 scrolls of fear
 H - 3 scrolls of silence
 J - a scroll of torment
Potions
 c - 10 potions of agility
 d - a potion of berserk rage
 e - 7 potions of heal wounds
 h - 10 potions of curing
 i - 5 potions of lignification
 s - a potion of ambrosia
 w - 2 potions of invisibility
 z - 6 potions of brilliance
 A - a potion of cancellation
 D - 2 potions of resistance
 G - 4 potions of flight
 T - a potion of might
 U - a potion of magic
Books
 l - a book of Summonings

   Spells                             Type                      Level
   a - Recall                         Summoning/Translocation      3
   b - Aura of Abjuration             Summoning                    5
   c - Summon Demon                   Summoning                    5
   d - Summon Forest                  Summoning/Translocation      5
   e - Summon Mana Viper              Hexes/Summoning              5
   f - Shadow Creatures               Summoning                    6
 Q - a book of Minor Magic

   Spells                             Type                      Level
   a - Magic Dart                     Conjuration                  1
   b - Blink                          Translocation                2
   c - Call Imp                       Summoning                    2
   d - Slow                           Hexes                        2
   e - Conjure Flame                  Conjuration/Fire             3
   f - Mephitic Cloud                 Conjuration/Poison/Air       3
 V - a book of Misfortune

   Spells                             Type                      Level
   a - Confusing Touch                Hexes                        1
   b - Confuse                        Hexes                        3
   c - Gell's Gravitas                Hexes/Translocation          3
   d - Petrify                        Transmutation/Earth          4
   e - Metabolic Englaciation         Hexes/Ice                    5
   f - Yara's Violent Unravelling     Hexes/Transmutation          5
Miscellaneous
 I - 3 boxes of beasts
 W - a phantom mirror
 Z - a phial of floods
Comestibles
 b - 17 bread rations
 f - 13 royal jellies
 k - 52 fruits
 t - 10 meat rations
 P - 3 chunks of flesh


   Skills:
 * Level 7.1 Fighting
 + Level 7.0 Throwing
 - Level 2.5 Armour
 + Level 5.0 Dodging
 * Level 23.6 Unarmed Combat
 * Level 6.2 Spellcasting
 * Level 7.0 Conjurations


You had 9 spell levels left.
You knew the following spells:

 Your Spells              Type           Power        Failure   Level  Hunger
a - Blink                 Tloc           N/A          16%         2    ###....
b - Mephitic Cloud        Conj/Pois/Air  #.......     14%         3    ###....
c - Conjure Flame         Conj/Fire      #.......     9%          3    ###....
d - Shroud of Golubria    Chrm/Tloc      #.........   16%         2    ###....
e - Passage of Golubria   Tloc           N/A          92%         4    #####..
f - Confusing Touch       Hex            #.....       12%         1    #......
g - Swiftness             Chrm/Air       #.......     16%         2    ###....
h - Song of Slaying       Chrm           #.......     16%         2    ###....


Dungeon Overview and Level Annotations

Branches:
Dungeon (15/15) Temple (0/1) D:5 Lair (6/6) D:11 Shoals (0/4) Lair:4 Spider (3/4) Lair:4 Slime (0/5) Lair:5 Orc (2/2) D:11 Elf (0/3) Orc:2 Vaults (0/5) D:12 D:13 Depths (0/5) D:15

Altars:
Ashenzari
Cheibriados
Elyvilon
Gozag
Ru
Uskayaw
Vehumet
Xom
The Shining One

Shops:
D:4 !   D:13 *   Orc:1 }   Orc:2 !*[%}

Portals:
Pandemonium: Orc:2

Annotations:
D:8 GlassEater's ghost, novice MiGl
Spider:3 exclusion: Roxanne, Roxanne


Innate Abilities, Weirdness & Mutations

You are too large for most types of armour.
You have claws for hands.
Your metabolism is lightning-fast.
You like to eat raw meat.
You heal very quickly.
((You are covered in fur. (AC +1)))
((You have very tough skin. (AC +2)))
You have very sharp teeth.
(You are partially covered in large bone plates. (SH +4))
You are dopey. (Int -2)
Your system is resistant to poisons. (rPois)


Message History

* * * LOW HITPOINT WARNING * * *
The jumping spider bites you.
* * * LOW HITPOINT WARNING * * *
The entropy weaver casts a spell.
The entropic weave corrodes you!
You claw the entropy weaver!
You bite the entropy weaver, but do no damage.
The entropy weaver is heavily wounded.
The jumping spider pounces on you!
* * * LOW HITPOINT WARNING * * *
You are caught in a web!
The jumping spider bites you.
* * * LOW HITPOINT WARNING * * *
The entropy weaver hits you but does no damage.
The entropy weaver barely misses you. The entropy weaver hits you!
* * * LOW HITPOINT WARNING * * *
The entropy weaver hits you!
* * * LOW HITPOINT WARNING * * *
The jumping spider pounces on you!
You die...
Xom bursts into laughter! ###.... .... #..... ###..# .... ...... #....# ../.. 8.#......##..#... ..... ..s......#..##.#. .... #........##...... ss#

#......# #...<..
#a##§.....###......
#85.....###.......
##s.........##..^.
#.....^....##^..#
#..#........##..#
#...####.........#
#.... #..........##
#.....
##.......#..##
#......
##.....####.#
#......
#....###....


You could see an entropy weaver, 2 jumping spiders, a redback and a friendly
shadow imp.

Vanquished Creatures
  Asterion (Spider:1)
  Gastronok (D:11)
  A storm dragon (Spider:2)
  Donald (Orc:2)
  2 ghost moths
  An emperor scorpion (Spider:2)
  Aizul (Spider:2)
  A caustic shrike zombie (D:15)
  6 entropy weavers
  A spark wasp (Spider:3)
  A fire dragon (D:9)
  Josephine (D:13)
  An ettin (Orc:1)
  A rakshasa (D:12)
  4 hydras
  Harold (Lair:3)
  An ice dragon (D:12)
  12 centaur warriors
  A catoblepas (Lair:4)
  6 two-headed ogres
  A death knight (D:13)
  9 death yaks
  A vampire mage (D:14)
  Erica (Lair:1)
  A tengu warrior (D:14)
  A soul eater (Orc:2)
  A hell knight (Volcano)
  6 orc high priests (Orc:2)
  2 skeletal warriors (D:15)
  A wizard (D:15)
  2 unseen horrors (D:15)
  A spark wasp zombie (D:15)
  2 infernal demonspawn (Orc:2)
  2 gelid demonspawn (Orc:2)
  A necromancer (D:14)
  Pikel (D:9)
  28 wolf spiders
  An iron dragon zombie (D:15)
  9 orc knights
  6 orc sorcerers
  5 orb spiders
  A frost giant zombie (D:15)
  14 ugly things
  2 moths of wrath
  A manticore (D:13)
  An eye of devastation (Lair:5)
  6 black mambas
  2 centaur zombies (D:12)
  6 elephants (Lair:5)
  Maurice (D:9)
  2 molten gargoyles (Volcano)
  Psyche (D:8)
  2 gargoyles
  11 spiny frogs
  An orange demon (Orc:2)
  2 yaktaurs
  6 komodo dragons
  2 rime drakes (Lair:6)
  An ice devil (Orc:2)
  An efreet (D:13)
  4 freezing wraiths
  9 demonic crawlers
  A red devil (Orc:2)
  6 trolls
  2 hornets (Lair:6)
  8 polar bears
  36 jumping spiders
  5 slime creatures
  A tyrant leech (Spider:1)
  16 blink frogs
  A snapping turtle (Lair:4)
  15 hippogriffs
  A meliai zombie (D:15)
  10 dream sheep (Lair:6)
  A centaur simulacrum (D:15)
  12 spriggans
  2 shadows
  20 tarantellas
  2 vampires (D:13)
  64 redbacks
  7 wraiths
  3 wyverns
  16 humans
  39 yaks
  2 fire bats (Volcano)
  4 vampire mosquitoes (D:13)
  6 basilisks
  A spatial vortex (Lair:3)
  A steam dragon (D:10)
  2 chaos spawn (Orc:2)
  3 wargs
  A soldier ant (D:12)
  11 water moccasins
  2 porcupines (Lair:3)
  39 orc warriors
  10 ogres
  6 black bears
  2 eyes of draining
  7 ice beasts
  3 phantoms
  2 sky beasts (D:6)
  3 boggarts (Lair:6)
  26 centaurs
  37 wolves
  11 crocodiles
  A big kobold (D:9)
  16 bullfrogs
  A wyvern skeleton (D:11)
  5 scorpions
  6 killer bees
  7 wights
  2 howler monkeys
  An electric eel (Lair:6)
  6 crimson imps
  5 lava snakes (Volcano)
  A quasit (D:7)
  A bullfrog zombie (D:10)
  5 hounds
  6 jellies
  6 centaur skeletons
  37 orc priests
  3 bullfrog skeletons
  Jessica (D:2)
  20 orc wizards
  Natasha (thrice) (D:2)
  7 iguanas
  12 worker ants
  2 hound skeletons
  10 mummies (Ossuary)
  16 adders
  3 gnolls (D:3)
  5 shadow imps
  18 oozes
  An adder zombie (D:6)
  An adder skeleton (D:7)
  4 worms
  8 leopard geckos
  69 orcs
  6 giant cockroaches
  6 goblins
  7 hobgoblins
  11 jackals
  2 quokkas
  8 bats
  3 frilled lizards
  A giant cockroach zombie (D:5)
  4 gnoll skeletons (Ossuary)
  A goblin skeleton (Ossuary)
  10 kobolds
  A kobold skeleton (Ossuary)
  An orc skeleton (Ossuary)
  A quokka skeleton (D:4)
  A quokka zombie (D:9)
  16 rats
  11 rat skeletons (Ossuary)
  A plant (Lair:5)
1030 creatures vanquished.

Vanquished Creatures (collateral kills)
  A hydra (Lair:2)
  A spriggan (Lair:6)
  2 hornets (Lair:6)
  2 blink frogs (Lair:5)
  A water moccasin (Lair:2)
  A mummy (Ossuary)
8 creatures vanquished.

Vanquished Creatures (others)
  A dancing weapon (D:15)
  A spriggan (shapeshifter) (D:11)
  A redback (Spider:2)
  A slave (D:8)
  A wight (D:15)
  3 orcs
  A quokka (D:6)
  A goblin skeleton (Ossuary)
  13 fungi
  21 plants
  2 withered plants (D:15)
46 creatures vanquished.

Grand Total: 1084 creatures vanquished

Notes
Turn   | Place    | Note
-------+----------+-------------------------------------------
     0 | D:1      | Kurtz the Troll Chaos Knight began the quest for the Orb.
     0 | D:1      | Reached XP level 1. HP: 22/22 MP: 0/0
   250 | D:1      | Reached XP level 2. HP: 29/29 MP: 1/1
   378 | D:1      | XOM: harmless Necr miscast
   642 | D:2      | Reached skill level 4 in Unarmed Combat
   642 | D:2      | Reached XP level 3. HP: 26/36 MP: 2/2
   672 | D:2      | Found an opulent altar of Gozag.
   761 | D:2      | Found a glowing golden altar of the Shining One.
   822 | D:2      | Found a hide-covered altar of Uskayaw.
   831 | D:2      | Reached XP level 4. HP: 44/44 MP: 3/3
   851 | D:2      | Noticed Natasha
   856 | D:2      | Noticed Jessica
   858 | D:2      | Killed Natasha
   858 | D:2      | Reached skill level 5 in Unarmed Combat
   863 | D:2      | Killed Jessica
   998 | D:2      | XOM: divination: detect items
  1068 | D:2      | Reached XP level 5. HP: 50/50 MP: 4/4
  1086 | D:2      | Noticed Natasha
  1091 | D:2      | Killed Natasha
  1091 | D:2      | Reached skill level 6 in Unarmed Combat
  1348 | D:2      | XOM is BORED!
  1348 | D:2      | XOM: noise
  1554 | D:3      | Found a snail-covered altar of Cheibriados.
  1591 | D:4      | Found Timpin's Distillery.
  1608 | D:4      | XOM: mild Conj miscast
  1626 | D:4      | HP: 1/50 [something (2)]
  1632 | D:4      | Bought a potion of curing for 42 gold pieces
  1728 | D:4      | XOM: 1-stop teleportation journey
  1772 | D:4      | Found a sand-covered staircase.
  1780 | Ossuary  | Entered an ossuary
  1801 | Ossuary  | Reached XP level 6. HP: 59/59 MP: 5/5
  1818 | Ossuary  | XOM: cast spell 'Summon Horrible Things'
  1883 | Ossuary  | Reached skill level 7 in Unarmed Combat
  2017 | Ossuary  | Reached skill level 1 in Throwing
  2079 | D:4      | XOM: polymorph scorpion -> killer bee
  2196 | D:4      | XOM: scenery: create altars
  2253 | D:4      | XOM: give mutations
  2253 | D:4      | Gained mutation: Your flesh is cold resistant. (rC+) [Xom's grace]
  2253 | D:4      | Gained mutation: You evolve. [Xom's grace]
  2253 | D:4      | Gained mutation: You have very sharp teeth. [Xom's grace]
  2253 | D:4      | Lost mutation: You evolve. [Xom's grace]
  2253 | D:4      | Gained mutation: You are somewhat resistant to further mutation. [Xom's grace]
  2391 | D:4      | XOM: cloud trail
  2450 | D:4      | XOM is BORED!
  2519 | D:4      | Found a shattered altar of Ashenzari.
  2563 | D:3      | XOM: cast spell 'Necromutation'
  2567 | D:3      | XOM: confuse monster(s)
  2568 | D:3      | Reached XP level 7. HP: 48/66 MP: 6/6
  2574 | D:3      | Reached skill level 8 in Unarmed Combat
  2806 | D:2      | Noticed Natasha
  2809 | D:2      | Killed Natasha
  2908 | D:5      | Entered Level 5 of the Dungeon
  2951 | D:5      | Found a staircase to the Ecumenical Temple.
  3190 | D:5      | XOM: silly message
  3238 | D:5      | XOM: give mutations
  3238 | D:5      | Gained mutation: You have a pair of small horns on your head. [Xom's mischief]
  3238 | D:5      | Gained mutation: You are frail. (-10% HP) [Xom's mischief]
  3238 | D:5      | Gained mutation: You possess an exceptional clarity of mind. [Xom's mischief]
  3339 | D:5      | Reached skill level 9 in Unarmed Combat
  3431 | D:5      | XOM: give mutations
  3431 | D:5      | Gained mutation: Your mind is acute. (Int +2) [Xom's mischief]
  3431 | D:5      | Lost mutation: You have a pair of small horns on your head. [Xom's mischief]
  3431 | D:5      | Lost mutation: You are frail. (-10% HP) [Xom's mischief]
  3880 | D:6      | Reached XP level 8. HP: 74/74 MP: 7/7
  3886 | D:6      | XOM: confuse monster(s)
  3887 | D:6      | XOM: scenery: create altars
  3919 | D:6      | XOM: harmless Pois miscast
  3987 | D:6      | XOM: polymorph ice beast -> bullfrog
  3992 | D:6      | Reached skill level 10 in Unarmed Combat
  4095 | D:6      | Found a white marble altar of Elyvilon.
  4129 | D:6      | Found a radiant altar of Vehumet.
  4324 | D:6      | XOM: smoke on damage
  4333 | D:6      | XOM: divination: magic mapping
  4361 | D:6      | XOM: 2-stop teleportation journey
  4393 | D:6      | Reached skill level 11 in Unarmed Combat
  4509 | D:6      | XOM: god gift: 45 gold pieces
  4592 | D:6      | XOM: god gift: scroll labeled HEPLINL VUDAO {god gift}
  4671 | D:6      | XOM: scenery: create altars
  4712 | D:7      | XOM: scenery: create altars
  4743 | D:7      | XOM: polymorph orc -> kobold
  4745 | D:7      | Reached XP level 9. HP: 73/80 MP: 8/8
  4878 | D:7      | XOM: polymorph worker ant -> iguana
  5157 | D:7      | Reached skill level 12 in Unarmed Combat
  5302 | D:8      | Noticed GlassEater's ghost (novice MiGl)
  5309 | D:8      | XOM: enchant monster (good)
  5368 | D:9      | XOM: scenery: create altars
  5450 | D:9      | Noticed a fire dragon
  5450 | D:9      | Noticed a troll
  5455 | D:9      | XOM: scenery: create altars
  5464 | D:9      | XOM: god gift: scroll labeled SOSHUV RIOG {god gift}
  5492 | D:9      | XOM: confuse monster(s)
  5501 | D:9      | XOM: cast spell 'Metabolic Englaciation'
  5513 | D:9      | Killed a fire dragon
  5513 | D:9      | Reached skill level 13 in Unarmed Combat
  5724 | D:9      | XOM: give mutations
  5724 | D:9      | Gained mutation: You are frail. (-10% HP) [Xom's mischief]
  5724 | D:9      | Gained mutation: Armour fits poorly on your strangely shaped body. [Xom's mischief]
  5778 | D:9      | Noticed a two-headed ogre
  5789 | D:9      | Killed a two-headed ogre
  5789 | D:9      | Reached XP level 10. HP: 57/81 MP: 9/9
  5850 | D:9      | Found a shimmering altar of Xom.
  5854 | D:9      | Learned a level 2 spell: Blink
  5858 | D:9      | Learned a level 3 spell: Mephitic Cloud
  5862 | D:9      | Learned a level 3 spell: Conjure Flame
  6031 | D:9      | Noticed Maurice
  6041 | D:9      | Killed Maurice
  6303 | D:8      | Noticed a two-headed ogre
  6314 | D:8      | XOM: butterfly on damage
  6327 | D:8      | XOM: potion effect (haste)
  6412 | D:8      | Noticed Pikel
  6428 | D:9      | XOM: divination: magic mapping
  6432 | D:9      | Killed Pikel
  6432 | D:9      | Reached skill level 14 in Unarmed Combat
  6452 | D:8      | Killed a two-headed ogre
  6452 | D:8      | Reached skill level 1 in Spellcasting
  6452 | D:8      | Reached skill level 1 in Conjurations
  6754 | D:8      | Noticed Psyche
  6763 | D:8      | Killed Psyche
  6779 | D:8      | XOM: enchant monster (good)
  7011 | D:7      | XOM: give mutations
  7011 | D:7      | Gained mutation: You are agile. (Dex +2) [Xom's grace]
  7011 | D:7      | Gained mutation: You are very agile. (Dex +4) [Xom's grace]
  7285 | D:8      | XOM: god gift: meat ration
  7916 | D:9      | XOM: confuse monster(s)
  7976 | D:9      | Lost mutation: You are frail. (-10% HP) [potion of mutation]
  7976 | D:9      | Lost mutation: Armour fits poorly on your strangely shaped body. [potion of mutation]
  7976 | D:9      | Gained mutation: You have large cloven feet. [potion of mutation]
  8060 | D:9      | Got a vibrating ivory ring
  8075 | D:9      | XOM: 6-stop teleportation journey
  8077 | D:9      | Identified the ring "Vacal" {Wiz Str+2 Slay+2} (You found it on level 9 of the Dungeon)
  8089 | D:9      | XOM: give mutations
  8089 | D:9      | Gained mutation: You are robust. (+10% HP) [Xom's grace]
  8089 | D:9      | Gained mutation: Your flesh is very cold resistant. (rC++) [Xom's grace]
  8089 | D:9      | Gained mutation: You are surrounded by a mild repulsion field. (EV +2) [Xom's grace]
  8089 | D:9      | Gained mutation: You are partially covered in large bone plates. (SH +4) [Xom's grace]
  8095 | D:10     | Entered Level 10 of the Dungeon
  8220 | D:10     | XOM: fog
  8262 | D:10     | Reached XP level 11. HP: 91/106 MP: 12/12
  8283 | D:10     | XOM: cloud trail
  8809 | D:11     | Reached skill level 15 in Unarmed Combat
  8892 | D:11     | XOM: destruction
  9087 | D:11     | Noticed Gastronok
  9088 | D:11     | XOM: potion effect (haste)
  9091 | D:11     | XOM: confuse monster(s)
  9097 | D:11     | Killed Gastronok
  9203 | D:11     | Found a staircase to the Orcish Mines.
  9217 | D:11     | Found a staircase to the Lair.
  9228 | D:11     | Noticed a fire crab
  9228 | D:11     | an elephant changed into a fire crab
  9228 | D:11     | XOM: polymorph elephant -> fire crab
  9233 | D:11     | XOM: mild Erth miscast
  9235 | D:11     | XOM: confuse monster(s)
  9239 | D:11     | a fire crab changed into a spriggan
  9241 | D:11     | XOM: divine lightning (protected)
  9326 | D:11     | Reached skill level 5 in Throwing
  9361 | D:11     | XOM: summons friendly crimson imp
  9413 | D:11     | Got an opalescent robe
  9424 | D:11     | Identified the +1 robe of Cocytus {Dex+3} (You found it on level 11 of the Dungeon)
  9497 | D:11     | Noticed a cyan ugly thing
  9510 | D:11     | Killed a cyan ugly thing
  9536 | D:11     | XOM: god gift: lumpy platinum amulet {god gift}
  9587 | D:11     | XOM is BORED!
  9587 | D:11     | XOM: severe Fire miscast
  9798 | D:12     | Noticed a white ugly thing
  9807 | D:12     | Killed a white ugly thing
  9812 | D:12     | XOM: cleaving
  9888 | D:12     | Reached skill level 16 in Unarmed Combat
  9937 | D:12     | Learned a level 2 spell: Shroud of Golubria
 10063 | D:12     | Noticed a two-headed ogre
 10063 | D:12     | XOM: swap monsters
 10066 | D:12     | Killed a two-headed ogre
 10288 | D:12     | Noticed an ice dragon
 10304 | D:12     | Noticed a two-headed ogre
 10338 | D:12     | XOM: mild Pois miscast
 10362 | D:12     | Noticed a rakshasa
 10364 | D:12     | XOM: noise
 10419 | D:12     | Killed a rakshasa
 10483 | D:12     | XOM: summons friendly white imp
 10492 | D:12     | Killed an ice dragon
 10492 | D:12     | Reached XP level 12. HP: 76/115 MP: 5/14
 10613 | D:12     | Killed a two-headed ogre
 10786 | Lair:1   | Entered Level 1 of the Lair of Beasts
 10924 | Lair:1   | Noticed Erica
 10942 | Lair:1   | Killed Erica
 10942 | Lair:1   | Reached skill level 17 in Unarmed Combat
 11553 | Lair:2   | Noticed a five-headed hydra
 11555 | Lair:2   | XOM: noise
 11556 | Lair:2   | XOM: cast spell 'Summon Mana Viper'
 11560 | Lair:2   | XOM: noise
 11561 | Lair:2   | Killed a seven-headed hydra
 11692 | Lair:2   | XOM: cast spell 'Call Canine Familiar'
 11881 | Lair:2   | XOM: divination: detect creatures
 11899 | Lair:2   | XOM: enchant monster (good)
 11970 | Lair:2   | XOM: enchant monster (good)
 12133 | Lair:2   | Reached skill level 1 in Armour
 12451 | Lair:2   | XOM: mild Conj miscast
 12573 | Lair:3   | Noticed Harold
 12589 | Lair:3   | Killed Harold
 12607 | Lair:3   | XOM: enchant monster (good)
 12685 | Lair:3   | XOM: divination: detect creatures
 12729 | Lair:3   | XOM: confuse monster(s)
 12747 | Lair:3   | XOM: silly message
 12751 | Lair:3   | XOM: noise
 12887 | Lair:3   | XOM: silly message
 12922 | Lair:3   | XOM: harmless Hex miscast
 13169 | Lair:3   | XOM: mild Tmut miscast
 13254 | Lair:3   | XOM: divination: detect items
 13400 | Lair:3   | XOM: mild Tloc miscast
 13453 | Lair:3   | XOM: medium Fire miscast
 13466 | Lair:4   | XOM: noise
 13512 | Lair:4   | Noticed a four-headed hydra
 13515 | Lair:4   | XOM: potion effect (agility)
 13523 | Lair:4   | Killed a five-headed hydra
 13523 | Lair:4   | Reached skill level 18 in Unarmed Combat
 13523 | Lair:4   | Reached XP level 13. HP: 100/122 MP: 14/17
 13533 | Lair:4   | Found a dark tunnel.
 13539 | Volcano  | Entered a volcano
 13617 | Volcano  | Found a bloodstained altar of Trog.
 13681 | Volcano  | XOM: give mutations
 13681 | Volcano  | Lost mutation: You are somewhat resistant to further mutation. [Xom's grace]
 13681 | Volcano  | Gained mutation: You evolve. [Xom's grace]
 13681 | Volcano  | Gained mutation: You are partially covered in iridescent scales. (AC +2) [Xom's grace]
 13681 | Volcano  | Gained mutation: You are very robust. (+20% HP) [Xom's grace]
 13681 | Volcano  | Gained mutation: You rapidly evolve. [Xom's grace]
 13916 | Volcano  | Gained mutation: Your system is resistant to poisons. (rPois) [evolution]
 14110 | Lair:4   | XOM: give mutations
 14110 | Lair:4   | Lost mutation: You possess an exceptional clarity of mind. [Xom's mischief]
 14110 | Lair:4   | Lost mutation: Your mind is acute. (Int +2) [Xom's mischief]
 14110 | Lair:4   | Lost mutation: You are surrounded by a mild repulsion field. (EV +2) [Xom's mischief]
 14115 | Lair:4   | XOM: mild Necr miscast
 14163 | Lair:4   | XOM: severe Air miscast
 14227 | Lair:4   | XOM: severe Tloc miscast
 14227 | Lair:4   | Cast into level 3 of the Abyss (the severe capriciousness of Xom)
 14248 | Abyss:3  | Noticed a brown very ugly thing
 14250 | Abyss:3  | XOM: silly message
 14272 | Abyss:3  | Found a corrupted altar of Lugonu.
 14275 | Abyss:3  | XOM: smoke on damage
 14281 | Lair:4   | Escaped the Abyss
 14380 | Lair:4   | XOM: swap monsters
 14467 | Lair:4   | Found a hole to the Spider Nest.
 14791 | Lair:4   | Learned a level 4 spell: Passage of Golubria
 14873 | Lair:4   | XOM: blink monster(s)
 15021 | Lair:4   | Found a staircase to the Shoals.
 15250 | Lair:5   | Gained mutation: You heal very quickly. [evolution]
 15325 | Lair:5   | XOM: god gift: 14 stones
 15511 | D:13     | Found a gate to the Vaults.
 15511 | D:13     | XOM: stealth player
 15511 | D:13     | XOM: confusion
 15534 | D:12     | XOM: mild Summ miscast
 15536 | D:12     | XOM: blink monster(s)
 15688 | Lair:5   | Reached skill level 19 in Unarmed Combat
 15722 | Lair:5   | Found a staircase to the Slime Pits.
 15725 | Lair:5   | XOM: swap monsters
 15729 | Lair:5   | XOM: noise
 15849 | Lair:5   | Learned a level 1 spell: Confusing Touch
 15921 | Lair:5   | XOM: confuse monster(s)
 15949 | Lair:5   | XOM: summons friendly ufetubus
 15957 | Lair:5   | XOM: confuse monster(s)
 15959 | Lair:5   | XOM: fog
 15978 | Lair:5   | XOM: enchant monster (good)
 16200 | Lair:5   | XOM: god gift: 1120 gold pieces
 16290 | Lair:5   | XOM: summons 13 friendly demons
 16333 | Lair:5   | Lost mutation: You rapidly evolve. [decline of evolution]
 16338 | Lair:6   | Entered Level 6 of the Lair of Beasts
 16343 | Lair:6   | Reached XP level 14. HP: 140/147 MP: 17/19
 16349 | Lair:6   | XOM: summons friendly shadow imp
 16355 | Lair:6   | XOM: noise
 16496 | Lair:6   | XOM: summons 7 hostile demons
 16498 | Lair:6   | XOM: swap monsters
 16500 | Lair:6   | XOM: 1-stop teleportation journey
 16509 | Lair:6   | XOM: severe Summ miscast
 16512 | Lair:6   | XOM: harmless Chrm miscast
 16544 | Lair:6   | XOM: enchant monster (good)
 16546 | Lair:6   | XOM: scenery: create altars
 16558 | Lair:6   | XOM: fog
 16592 | Lair:6   | XOM: divination: magic mapping
 16622 | Lair:6   | XOM: summons friendly shadow imp
 16634 | Lair:6   | XOM: fake destruction
 16678 | Lair:6   | XOM: enchant monster (bad)
 16848 | Lair:6   | XOM: summons 3 hostile demons
 17043 | Lair:6   | XOM: cast spell 'Ring of Flames'
 17046 | Lair:6   | Reached skill level 20 in Unarmed Combat
 17143 | Lair:6   | XOM: potion effect (might)
 17166 | Lair:6   | XOM: enchant monster (bad)
 17182 | Lair:6   | XOM: confusion
 17188 | Lair:6   | XOM: enchant monster (bad)
 17410 | Lair:6   | XOM: fake destruction
 17417 | Lair:6   | XOM: cast spell 'Dispersal'
 17751 | Lair:6   | XOM: destruction
 17871 | Lair:6   | XOM: 1-stop teleportation journey
 17935 | Lair:5   | XOM: cloud trail
 18200 | D:4      | Bought a potion of heal wounds for 70 gold pieces
 18200 | D:4      | Bought a potion of curing for 42 gold pieces
 18362 | Orc:1    | Entered Level 1 of the Orcish Mines
 18385 | Orc:1    | Reached skill level 5 in Fighting
 18385 | Orc:1    | Reached skill level 5 in Conjurations
 18400 | Orc:1    | XOM: harmless Fire miscast
 18530 | Orc:1    | XOM: cast spell 'Summon Butterflies'
 18540 | Orc:1    | XOM: swap monsters
 18643 | Orc:1    | Lost mutation: Your flesh is very cold resistant. (rC++) [evolution]
 18725 | Orc:1    | XOM: mild Conj miscast
 18841 | Orc:1    | Found Wuel's Quality Used Wands.
 19006 | Orc:2    | Entered Level 2 of the Orcish Mines
 19015 | Orc:2    | Found Ynelics's Distillery.
 19032 | Orc:2    | Bought a potion of agility for 44 gold pieces
 19177 | Orc:2    | Found a staircase to the Elven Halls.
 19318 | Orc:2    | Noticed Donald
 19331 | Orc:2    | XOM: summons 2 friendly demons
 19336 | Orc:2    | Killed Donald
 19554 | Orc:2    | Found Upru's General Store.
 19558 | Orc:2    | Found Piweog's Food Shop.
 19559 | Orc:2    | XOM: fake destruction
 19571 | Orc:2    | XOM: blink monster(s)
 19572 | Orc:2    | XOM: smoke on damage
 19573 | Orc:2    | XOM: chaos upgrade
 19592 | Orc:2    | XOM: chaos cloud
 19607 | Orc:2    | Paralysed by an orc warrior for 7 turns
 19817 | Orc:2    | Reached XP level 15. HP: 139/159 MP: 18/21
 19844 | Orc:2    | XOM: blink monster(s)
 19896 | Orc:2    | XOM: god gift: 35 gold pieces
 19947 | Orc:2    | Bought a scroll of recharging for 123 gold pieces
 19947 | Orc:2    | Bought a box of beasts for 260 gold pieces
 20003 | Orc:2    | XOM: noise
 20004 | Orc:2    | XOM: torment (80/159 hp)
 20011 | Orc:2    | XOM: summons 4 hostile demons
 20058 | Orc:2    | Reached skill level 21 in Unarmed Combat
 20272 | Orc:2    | XOM: cleaving
 20286 | Orc:2    | Paralysed by an orc sorcerer for 4 turns
 20287 | Orc:2    | XOM: mild Necr miscast
 20295 | Orc:2    | Reached skill level 5 in Spellcasting
 20309 | Orc:2    | XOM: summons 6 friendly demons
 20310 | Orc:2    | XOM: harmless Fire miscast
 20314 | Orc:2    | XOM: confusion (+ monsters)
 20317 | Orc:2    | XOM: blink monster(s)
 20464 | Orc:2    | Found Owaemig's Gadget Shoppe.
 20464 | Orc:2    | Found Gamanir's Antique Armour Emporium.
 20464 | Orc:2    | Found a one-way gate leading to the halls of Pandemonium.
 20465 | Orc:2    | XOM: noise
 20479 | Orc:2    | Bought a box of beasts for 240 gold pieces
 20479 | Orc:2    | Bought a phial of floods for 480 gold pieces
 20805 | D:13     | XOM: 1-stop teleportation journey
 20810 | D:13     | XOM: chaos upgrade
 20815 | D:13     | XOM: summons 3 hostile demons
 20830 | D:13     | XOM: enchant monster (good)
 20843 | D:13     | XOM: destruction
 20951 | D:13     | XOM: swap monsters
 21006 | D:13     | XOM: chaos upgrade
 21078 | D:13     | Found Duocs's Blood Bar.
 21183 | D:13     | Found a sacrificial altar of Ru.
 21207 | D:13     | XOM: repel stairs
 21317 | D:13     | Noticed Josephine
 21323 | D:13     | XOM: enchant monster (bad)
 21329 | D:13     | Killed Josephine
 21355 | D:13     | XOM: medium Summ miscast
 21632 | D:13     | XOM: cast spell 'Summon Mana Viper'
 21908 | D:14     | XOM: harmless Ice miscast
 22031 | D:14     | XOM: potion effect (berserk rage)
 22037 | D:14     | XOM: enchant monster (good)
 22340 | D:14     | Identified Sif Muna's Compendium of Aid and Beguiling
 22346 | D:14     | Learned a level 2 spell: Swiftness
 22349 | D:14     | Learned a level 2 spell: Song of Slaying
 22496 | D:14     | XOM: scenery: create altars
 22551 | D:14     | XOM: harmless Tmut miscast
 22562 | D:15     | Entered Level 15 of the Dungeon
 22565 | D:15     | Found a staircase to the Depths.
 22565 | D:15     | XOM: 1-stop teleportation journey
 22757 | D:15     | Reached skill level 22 in Unarmed Combat
 22772 | D:15     | XOM: confusion
 22775 | D:15     | XOM: noise
 22777 | D:15     | XOM: 1-stop teleportation journey
 22784 | D:15     | XOM: enchant monster (bad)
 22788 | D:15     | XOM: summons 2 friendly demons
 22941 | D:15     | XOM: enchant monster (bad)
 22959 | D:15     | XOM: swap monsters
 22960 | D:15     | Reached XP level 16. HP: 136/172 MP: 18/23
 23001 | D:15     | XOM: harmless Divn miscast
 23002 | D:15     | XOM: blink monster(s)
 23031 | D:15     | Paralysed by a wizard for 2 turns
 23147 | D:15     | XOM: 1-stop teleportation journey
 23206 | D:15     | XOM: silly message
 23237 | D:15     | XOM: give mutations
 23237 | D:15     | Lost mutation: You are very agile. (Dex +4) [Xom's mischief]
 23237 | D:15     | Lost mutation: Your flesh is cold resistant. (rC+) [Xom's mischief]
 23237 | D:15     | Lost mutation: You are very robust. (+20% HP) [Xom's mischief]
 23237 | D:15     | Lost mutation: You have large cloven feet. [Xom's mischief]
 23597 | D:15     | XOM: harmless Air miscast
 23695 | D:15     | XOM: give mutations
 23695 | D:15     | Lost mutation: You evolve. [Xom's mischief]
 23695 | D:15     | Lost mutation: You are robust. (+10% HP) [Xom's mischief]
 23878 | D:12     | XOM: give mutations
 23878 | D:12     | Gained mutation: You are dopey. (Int -2) [Xom's mischief]
 23878 | D:12     | Gained mutation: You are frail. (-10% HP) [Xom's mischief]
 23882 | D:12     | XOM: god gift: bread ration
 23973 | Spider:1 | Entered Level 1 of the Spider Nest
 24022 | Spider:1 | XOM: enchant monster (good)
 24023 | Spider:1 | XOM: enchant monster (good)
 24100 | Spider:1 | XOM: fog
 24261 | Spider:1 | XOM: polymorph entropy weaver -> tyrant leech
 24356 | Spider:1 | Noticed Asterion
 24358 | Spider:1 | XOM: fog
 24454 | Spider:1 | XOM: polymorph orb spider -> troll
 24491 | Spider:1 | Killed Asterion
 24546 | Spider:1 | XOM: scenery: create altars
 24549 | Spider:1 | XOM: scenery: create altars
 24583 | Spider:1 | XOM: summons 3 hostile demons
 24624 | Spider:1 | Noticed Aizul
 24634 | Spider:2 | XOM: potion effect (berserk rage)
 24640 | Spider:2 | Killed Aizul
 24686 | Spider:1 | XOM: fake destruction
 24747 | Spider:1 | Got a dazzling shield
 24753 | Spider:1 | Identified the cursed +0 shield of Fedhas's Wrath {Str+6 Stlth+} (You took it off Asterion on level 1 of the Spider Nest)
 24813 | Spider:1 | XOM: confusion
 25195 | Spider:2 | XOM: smoke on damage
 25207 | Spider:2 | Reached skill level 23 in Unarmed Combat
 25542 | Spider:2 | XOM: cleaving
 25979 | Spider:2 | XOM: enchant monster (good)
 26029 | Spider:2 | Noticed a storm dragon
 26029 | Spider:2 | an emperor scorpion changed into a storm dragon
 26029 | Spider:2 | XOM: polymorph emperor scorpion -> storm dragon
 26129 | Spider:2 | XOM: 1-stop teleportation journey
 26150 | Spider:2 | Killed a storm dragon
 26205 | Spider:2 | XOM: mild Hex miscast
 26208 | Spider:2 | XOM: confuse monster(s)
 26214 | Spider:2 | XOM: divination: detect items
 26283 | Spider:2 | Reached XP level 17. HP: 137/138 MP: 23/25
 26300 | Spider:2 | XOM: divination: magic mapping
 26369 | Spider:2 | XOM: noise
 26386 | Spider:2 | XOM: potion effect (magic)
 26581 | Spider:2 | XOM: harmless Summ miscast
 26860 | Spider:2 | XOM: harmless Air miscast
 26869 | Spider:2 | XOM: god gift: 23 gold pieces
 26921 | Spider:3 | XOM: severe Fire miscast
 27027 | Spider:3 | XOM: give mutations
 27027 | Spider:3 | Lost mutation: You are frail. (-10% HP) [Xom's mischief]
 27027 | Spider:3 | Lost mutation: You are agile. (Dex +2) [Xom's mischief]
 27027 | Spider:3 | Lost mutation: You are partially covered in iridescent scales. (AC +2) [Xom's mischief]
 27276 | Spider:3 | XOM: 2-stop teleportation journey
 27402 | Spider:3 | XOM: summons 5 friendly demons
 27441 | Spider:3 | XOM: god gift: glowing lajatang {god gift}
 27553 | Spider:3 | XOM: mild Pois miscast
 27558 | Spider:3 | Reached skill level 5 in Dodging
 27742 | Spider:3 | Noticed Roxanne
 27764 | Spider:3 | XOM: cast spell 'Statue Form'
 27771 | Spider:3 | XOM: summons friendly shadow imp
 27799 | Spider:3 | Slain by a jumping spider

Vault maps used:
D:1:      nicolae_arrival_memento_mori
D:2:      nicolae_tso_carved_into_rock, lemuel_doored_altar,
          eat_drink_and_be_merry_uskayaw, first_bread, uniq_jessica,
          uniq_natasha
D:3:      marbit_many_paths
D:4:      kennysheep_mini, nicolae_ossuary_entry_plus, serial_shops,
          nicolae_shop_trees, gup_sewer_entry_spiral, kennysheep_potato
D:5:      temple_statues
D:6:      elyvilon_altar_4, overflow_temple_1_default
D:7:      the_bakery
D:8:      uniq_pikel, uniq_psyche
D:9:      dragon1_lemuel, nicolae_overflow_crystal_walls, uniq_maurice
D:10:     serial_bayou_pond_b
D:11:     david_lair_generic, uniq_gastronok
D:12:     minmay_blocking_statues
D:13:     david_vaults_3, basic_altar, guppyfry_shop_blood, uniq_josephine
D:14:     minmay_misc_feat_rugged
D:15:     gammafunk_depths_entry_grave, minivault_24
Lair:1:   infiniplex_staircase_pool_2, lemuel_fruit_fields, uniq_erica
Lair:2:   lemuel_fruit_tree, serial_bayou_shore_a
Lair:3:   lemuel_slime, serial_bayou, serial_bayou_shore_b, serial_bayou_pond_b,
          serial_bayou_pond_a, serial_bayou_ford_a, uniq_harold
Lair:4:   minmay_shoals_entry_hut, spider_nest_entry_a, enter_volcano_2,
          nicolae_lair_yak_garden, grunt_megastairs_5, serial_bayou_shore_b
Lair:5:   minmay_slime_entry_eyes, cheibrodos_lair_lostbears
Lair:6:   minmay_lair_end_enchanted_forest, st_stairs_8,
          grunt_forest_large_clearings, grunt_megastairs_1,
          infiniplex_staircase_pool
Spider:1: uniq_aizul, uniq_asterion
Spider:2: nicolae_spider_stair_cavern
Spider:3: guppyfry_spider_mini_1, uniq_agnes, uniq_roxanne
Orc:1:    nicolae_for_you_no_charge
Orc:2:    pf_orc_diabolical, serial_shops, nicolae_shop_waterfront, uniq_donald
Ossuary:  ossuary_due_small_catacomb
Volcano:  volcano_lake

Skill      XL: |  1  2  3  4  5  6  7  8  9 10 11 12 13 14 15 16 17 |
---------------+----------------------------------------------------+-----
Unarmed Combat | 4 5 6 7 9 11 13 14 16 18 19 20 22 23 | 23.6
Throwing       | 1 2 3 4 5 6 7 |  7.0
Fighting       | 3 4 5 6 7 |  7.1
Spellcasting   | 1 2 3 4 5 6 |  6.2
Conjurations   | 1 2 3 4 5 6 7 |  7.0
Dodging        | 2 3 4 5 |  5.0
Armour         | 2 |  2.5

Action                   |  1- 3 |  4- 6 |  7- 9 | 10-12 | 13-15 | 16-18 || total
-------------------------+-------+-------+-------+-------+-------+-------++-------
Melee: Unarmed           |   101 |   199 |   240 |   461 |  1258 |   616 ||  2875
       Punch             |       |     3 |     5 |    47 |   151 |    80 ||   286
       Bite              |       |       |    20 |    70 |   191 |    82 ||   363
       Kick              |       |       |       |   162 |   490 |    26 ||   678
Throw: Large rock        |       |       |    17 |    24 |    16 |    25 ||    82
       Tomahawk          |       |       |     4 |     1 |     2 |       ||     7
 Cast: Conjure Flame     |       |       |       |     3 |     1 |       ||     4
       Blink             |       |       |       |     2 |     2 |     2 ||     6
       Shroud of Golubri |       |       |       |     2 |     1 |       ||     3
       Mephitic Cloud    |       |       |       |     1 |     1 |       ||     2
Evoke: Wand              |       |       |     4 |    21 |     6 |       ||    31
  Use: Scroll            |       |       |     2 |    25 |     9 |    11 ||    47
       Potion            |       |       |       |     2 |     3 |     7 ||    12
 Stab: Sleeping          |     1 |     1 |     1 |       |       |       ||     3
       Confused          |       |     1 |     6 |     5 |     2 |       ||    14
       Paralysed         |       |       |       |     5 |     2 |     1 ||     8
       Distracted        |       |       |       |       |     1 |       ||     1
  Eat: Chunk             |    13 |    17 |    32 |    71 |    86 |    42 ||   261
       Royal jelly       |       |       |       |       |       |     1 ||     1
Armor: Robe              |    49 |    50 |    64 |    48 |       |       ||   211
       Ice dragon scales |       |       |       |    64 |   598 |   443 ||  1105
       Skin              |       |       |       |       |       |    31 ||    31
Dodge: Dodged            |    52 |    72 |    93 |   134 |   433 |   319 ||  1103
Block: Other             |       |       |       |    29 |   188 |   107 ||   324
